General information
- name: BNet
- type: Ladder team game (AT/RT)
- host: Battle.net
- saver: (o.O)
map: GolemsInTheMist
- players: 8
- length: 37:27
- speed: Fast
- version: 1.28 W3XP
- replay type: Public
» download(210 KB)
Players
team 1 (winner)
katara07 (
red | 40 APM | 481 actions | 12:04)
3 Blood Mage
2 Flame Strike
1 Banish
1 Archmage
1 Blizzard
» actions
| Basic commands | 23 | |
| Build / train | 45 | |
| Enter build submenu | 16 | |
| Enter hero's abilities submenu | 4 | |
| Right click | 216 | |
| Select / deselect | 144 | |
| Use ability | 33 | |
481 total
» units
| Peasant | 20 | |
| Footman | 1 | |
| Rifleman | 10 | |
| Goblin Shredder | 1 | |
| Mortar Team | 2 | |
34 total
» upgrades
» buildings
| Farm | 5 | |
| Altar of Kings | 1 | |
| Barracks | 1 | |
| Blacksmith | 1 | |
| Town Hall | 1 | |
| Keep | 1 | |
| Lumber Mill | 1 | |
| Castle | 1 | |
| Workshop | 3 | |
15 total
» build order
00:52 Farm
01:09 Altar of Kings
01:18 Barracks
01:24 Blacksmith
01:29 Farm
01:56 Farm
02:25 Farm
03:22 Farm
05:43 Town Hall
06:02 Keep
07:50 Lumber Mill
08:36 Castle
08:48 Workshop
09:15 Workshop
09:18 Workshop
(o.O) (
blue | 42 APM | 1560 actions | 37:26)
6 Archmage
3 Summon Water Elemental
2 Brilliance Aura
1 Mass Teleport
» actions
| Assign group hotkey | 48 | |
| Basic commands | 138 | |
| Build / train | 68 | |
| Enter build submenu | 54 | |
| Enter hero's abilities submenu | 7 | |
| Remove unit from queue | 3 | |
| Right click | 628 | |
| Select / deselect | 378 | |
| Select group hotkey | 127 | |
| Use ability | 109 | |
1560 total
» units
| Peasant | 20 | |
| Footman | 5 | |
| Goblin Shredder | 1 | |
| Mortar Team | 5 | |
31 total
» upgrades
| Masonry | 2 | |
| Gunpowder | 2 | |
| Armor | 2 | |
| Flare | 1 | |
7 total
» buildings
| Altar of Kings | 1 | |
| Barracks | 1 | |
| Farm | 8 | |
| Keep | 1 | |
| Lumber Mill | 3 | |
| Arcane Vault | 1 | |
| Town Hall | 4 | |
| Scout Tower | 25 | |
| Guard Tower | 16 | |
| Arcane Tower | 1 | |
| Gryphon Aviary | 1 | |
| Blacksmith | 2 | |
| Workshop | 3 | |
67 total
» build order
00:31 Altar of Kings
00:38 Barracks
00:51 Farm
00:52 Farm
01:42 Farm
01:46 Farm
03:32 Keep
03:36 Lumber Mill
03:45 Farm
03:50 Arcane Vault
05:03 Town Hall
05:05 Scout Tower
05:05 Scout Tower
05:07 Scout Tower
05:07 Scout Tower
05:35 Guard Tower
05:37 Guard Tower
05:37 Guard Tower
05:37 Guard Tower
05:38 Guard Tower
06:09 Lumber Mill
06:47 Lumber Mill
08:07 Scout Tower
08:41 Town Hall
08:50 Guard Tower
08:51 Scout Tower
08:54 Scout Tower
08:55 Scout Tower
08:58 Scout Tower
09:00 Scout Tower
09:02 Scout Tower
09:33 Scout Tower
09:34 Scout Tower
09:37 Scout Tower
09:37 Scout Tower
09:40 Scout Tower
09:41 Scout Tower
10:25 Guard Tower
10:28 Guard Tower
10:39 Arcane Tower
11:21 Keep
12:20 Scout Tower
12:20 Scout Tower
12:21 Scout Tower
12:21 Scout Tower
12:22 Scout Tower
13:21 Guard Tower
16:15 Gryphon Aviary
16:21 Blacksmith
16:23 Blacksmith
16:28 Scout Tower
16:29 Scout Tower
16:29 Scout Tower
16:58 Guard Tower
16:58 Guard Tower
17:00 Guard Tower
17:01 Guard Tower
18:00 Workshop
18:04 Workshop
18:06 Workshop
19:33 Farm
19:35 Farm
20:17 Farm
26:38 Town Hall
27:16 Town Hall
» items
Apocalypse(PoS) (
green | 90 APM | 3367 actions | 37:25)
5 Archmage
3 Summon Water Elemental
2 Brilliance Aura
» actions
| Assign group hotkey | 92 | |
| Basic commands | 149 | |
| Build / train | 228 | |
| ESC pressed | 1 | |
| Enter build submenu | 41 | |
| Enter hero's abilities submenu | 5 | |
| Give item / drop item | 1 | |
| Remove unit from queue | 3 | |
| Right click | 1117 | |
| Select / deselect | 610 | |
| Select group hotkey | 905 | |
| Use ability | 215 | |
3367 total
» units
| Peasant | 19 | |
| Footman | 7 | |
| Rifleman | 18 | |
| Goblin Shredder | 10 | |
| Goblin Zeppelin | 14 | |
| Sorceress | 4 | |
| Priest | 5 | |
| Goblin Sapper | 2 | |
79 total
» upgrades
| Gunpowder | 3 | |
| Masonry | 4 | |
| Armor | 3 | |
| Long Rifles | 1 | |
| Sorceress Training | 2 | |
| Priest Training | 2 | |
| Plating | 3 | |
| Swords | 3 | |
| Lumber Harvesting | 2 | |
| Control Magic | 1 | |
| Magic Sentry | 1 | |
25 total
» buildings
| Altar of Kings | 1 | |
| Barracks | 1 | |
| Farm | 7 | |
| Lumber Mill | 1 | |
| Arcane Vault | 1 | |
| Blacksmith | 2 | |
| Keep | 5 | |
| Scout Tower | 19 | |
| Guard Tower | 58 | |
| Castle | 4 | |
| Arcane Sanctum | 3 | |
| Town Hall | 2 | |
104 total
» build order
00:51 Altar of Kings
00:53 Barracks
00:55 Farm
01:04 Farm
01:06 Farm
01:22 Lumber Mill
02:10 Arcane Vault
02:17 Farm
02:36 Blacksmith
03:39 Keep
03:39 Keep
03:58 Farm
04:29 Scout Tower
04:32 Scout Tower
05:12 Guard Tower
05:55 Guard Tower
05:55 Guard Tower
05:55 Guard Tower
07:07 Castle
07:07 Castle
07:07 Castle
08:28 Farm
08:29 Farm
09:38 Arcane Sanctum
12:58 Town Hall
14:04 Scout Tower
14:53 Scout Tower
14:54 Scout Tower
15:26 Guard Tower
15:26 Guard Tower
15:27 Guard Tower
15:29 Scout Tower
15:38 Scout Tower
15:42 Guard Tower
15:59 Guard Tower
15:59 Guard Tower
16:16 Scout Tower
16:21 Scout Tower
16:25 Scout Tower
16:40 Guard Tower
16:40 Guard Tower
16:40 Guard Tower
16:43 Guard Tower
16:44 Guard Tower
16:44 Guard Tower
16:44 Guard Tower
16:57 Guard Tower
16:57 Guard Tower
16:57 Guard Tower
16:59 Guard Tower
16:59 Guard Tower
16:59 Guard Tower
17:55 Keep
18:17 Blacksmith
20:02 Scout Tower
20:04 Scout Tower
21:21 Guard Tower
21:45 Guard Tower
21:45 Guard Tower
21:45 Guard Tower
22:48 Arcane Sanctum
22:50 Arcane Sanctum
22:54 Scout Tower
22:57 Scout Tower
22:59 Scout Tower
23:36 Guard Tower
23:36 Guard Tower
23:36 Guard Tower
26:47 Guard Tower
26:47 Guard Tower
26:48 Guard Tower
27:46 Scout Tower
27:49 Scout Tower
27:54 Scout Tower
27:58 Scout Tower
28:16 Guard Tower
28:17 Guard Tower
28:17 Guard Tower
28:24 Guard Tower
28:24 Guard Tower
28:24 Guard Tower
28:37 Guard Tower
28:37 Guard Tower
29:24 Town Hall
» items
| Mechanical Critter | 9 | |
| Scroll of Regeneration | 5 | |
| Scroll of Town Portal | 2 | |
| Staff of Sanctuary | 1 | |
| Orb of Fire | 1 | |
| Potion of Healing | 1 | |
19 total
Brianne-Chateau (
orange | 43 APM | 1601 actions | 37:25)
1 Archmage
1 Blizzard
» actions
| Assign group hotkey | 17 | |
| Basic commands | 204 | |
| Build / train | 58 | |
| ESC pressed | 13 | |
| Enter build submenu | 14 | |
| Enter hero's abilities submenu | 1 | |
| Right click | 747 | |
| Select / deselect | 209 | |
| Select group hotkey | 245 | |
| Use ability | 93 | |
1601 total
» units
| Peasant | 18 | |
| Footman | 13 | |
| Goblin Sapper | 3 | |
34 total
» buildings
| Barracks | 1 | |
| Farm | 5 | |
| Altar of Kings | 2 | |
| Scout Tower | 3 | |
| Lumber Mill | 1 | |
| Guard Tower | 4 | |
| Arcane Vault | 2 | |
| Keep | 3 | |
21 total
» build order
00:09 Barracks
00:12 Farm
00:24 Farm
01:02 Altar of Kings
01:26 Farm
02:22 Farm
03:46 Farm
12:55 Altar of Kings
13:47 Scout Tower
14:03 Scout Tower
14:18 Lumber Mill
14:25 Scout Tower
14:47 Guard Tower
14:47 Guard Tower
14:47 Guard Tower
15:27 Arcane Vault
15:35 Arcane Vault
16:00 Keep
16:00 Keep
» items
| Scroll of Regeneration | 3 | |
| Lesser Clarity Potion | 6 | |
| Scroll of Town Portal | 1 | |
| Potion of Mana | 1 | |
| Potion of Healing | 2 | |
13 total
team 2 (loser)
Hunter. (
pink | 32 APM | 1195 actions | 37:25)
6 Death Knight
3 Death Coil
2 Unholy Aura
1 Animate Dead
3 Lich
2 Frost Nova
1 Frost Armor
» actions
| Assign group hotkey | 27 | |
| Basic commands | 73 | |
| Build / train | 67 | |
| Enter build submenu | 17 | |
| Enter hero's abilities submenu | 9 | |
| Right click | 361 | |
| Select / deselect | 270 | |
| Select group hotkey | 272 | |
| Use ability | 99 | |
1195 total
» units
| Acolyte | 5 | |
| Ghoul | 3 | |
| Crypt Fiend | 11 | |
| Necromancer | 5 | |
| Obsidian Statue | 13 | |
| Gargoyle | 1 | |
38 total
» upgrades
| Backpack | 1 | |
| Creature Attack | 2 | |
| Creature Carapace | 2 | |
| Web | 1 | |
| Burrow | 1 | |
| Necromancer Training | 2 | |
| Skeletal Longevity | 1 | |
| Skeletal Mastery | 1 | |
| Destroyer Form | 1 | |
12 total
» buildings
| Ziggurat | 7 | |
| Graveyard | 1 | |
| Crypt | 1 | |
| Altar of Darkness | 1 | |
| Tomb of Relics | 1 | |
| Nerubian Tower | 1 | |
| Halls of the Dead | 2 | |
| Sacrificial Pit | 1 | |
| Temple of the Damned | 1 | |
| Slaughterhouse | 2 | |
| Black Citadel | 1 | |
19 total
» build order
01:26 Ziggurat
01:32 Graveyard
01:38 Crypt
01:46 Altar of Darkness
01:51 Tomb of Relics
01:54 Ziggurat
02:24 Nerubian Tower
02:47 Ziggurat
05:35 Ziggurat
06:11 Halls of the Dead
08:26 Ziggurat
09:13 Sacrificial Pit
09:14 Temple of the Damned
09:15 Slaughterhouse
09:33 Slaughterhouse
13:46 Black Citadel
14:00 Ziggurat
14:01 Ziggurat
» items

»
raxxess (
purple | 57 APM | 997 actions | 17:35)
4 Priestess of the Moon
2 Trueshot Aura
2 Searing Arrows
» actions
| Basic commands | 13 | |
| Build / train | 64 | |
| Enter build submenu | 21 | |
| Enter hero's abilities submenu | 4 | |
| Remove unit from queue | 2 | |
| Right click | 571 | |
| Select / deselect | 286 | |
| Use ability | 36 | |
997 total
» units
| Wisp | 26 | |
| Archer | 16 | |
| Goblin Zeppelin | 1 | |
| Hippogryph | 7 | |
50 total
» upgrades
| Strength of the Moon | 2 | |
| Moon Armor | 1 | |
| Improved Bows | 1 | |
| Hippogryph Taming | 1 | |
5 total
» buildings
| Altar of Elders | 1 | |
| Moon Well | 6 | |
| Ancient of War | 1 | |
| Hunter's Hall | 1 | |
| Tree of Ages | 1 | |
| Tree of Life | 2 | |
| Ancient of Wind | 3 | |
| Ancient of Wonders | 1 | |
| Ancient Protector | 3 | |
| Tree of Eternity | 2 | |
21 total
» build order
00:08 Altar of Elders
00:09 Moon Well
00:47 Ancient of War
01:04 Moon Well
01:43 Moon Well
02:14 Moon Well
03:11 Hunter's Hall
05:53 Tree of Ages
08:05 Moon Well
08:20 Tree of Life
08:39 Ancient of Wind
08:41 Ancient of Wind
08:46 Ancient of Wind
08:55 Moon Well
09:17 Ancient of Wonders
11:05 Tree of Life
11:11 Ancient Protector
11:14 Ancient Protector
11:16 Ancient Protector
14:02 Tree of Eternity
SOC(apocalpyse_ (
yellow | 43 APM | 1598 actions | 37:25)
4 Blademaster
2 Wind Walk
2 Critical Strike
» actions
| Assign group hotkey | 40 | |
| Basic commands | 291 | |
| Build / train | 58 | |
| Enter build submenu | 25 | |
| Enter hero's abilities submenu | 4 | |
| Give item / drop item | 4 | |
| Right click | 466 | |
| Select / deselect | 257 | |
| Select group hotkey | 347 | |
| Use ability | 106 | |
1598 total
» units
| Peon | 14 | |
| Goblin Shredder | 3 | |
| Wind Rider | 8 | |
| Goblin Zeppelin | 2 | |
| Goblin Sapper | 8 | |
35 total
» upgrades
| Ranged Weapons | 2 | |
| Armor | 2 | |
| Reinforced Defenses | 1 | |
5 total
» buildings
| Altar of Storms | 1 | |
| Orc Burrow | 9 | |
| Stronghold | 2 | |
| War Mill | 2 | |
| Voodoo Lounge | 1 | |
| Beastiary | 4 | |
| Great Hall | 3 | |
| Watch Tower | 11 | |
| Fortress | 2 | |
35 total
» build order
00:10 Altar of Storms
00:19 Orc Burrow
00:24 Orc Burrow
02:05 Stronghold
02:14 War Mill
02:23 Orc Burrow
02:24 Orc Burrow
02:25 Orc Burrow
02:37 Voodoo Lounge
04:15 Orc Burrow
04:41 Beastiary
04:42 Beastiary
05:12 War Mill
05:38 Orc Burrow
06:25 Great Hall
08:58 Great Hall
09:02 Watch Tower
09:03 Watch Tower
09:04 Watch Tower
09:05 Watch Tower
10:53 Fortress
10:54 Fortress
10:57 Beastiary
11:05 Watch Tower
11:05 Watch Tower
11:06 Watch Tower
11:08 Watch Tower
11:08 Watch Tower
11:09 Watch Tower
11:43 Beastiary
12:31 Great Hall
13:54 Orc Burrow
14:01 Watch Tower
31:02 Orc Burrow
» items
NoName (
teal | 36 APM | 1003 actions | 27:47)
5 Shadow Hunter
2 Serpent Ward
3 Healing Wave
» actions
| Assign group hotkey | 18 | |
| Basic commands | 106 | |
| Build / train | 49 | |
| ESC pressed | 4 | |
| Enter build submenu | 18 | |
| Enter hero's abilities submenu | 5 | |
| Right click | 371 | |
| Select / deselect | 152 | |
| Select group hotkey | 232 | |
| Use ability | 48 | |
1003 total
» units
| Peon | 8 | |
| Grunt | 7 | |
| Troll Witch Doctor | 7 | |
| Tauren | 5 | |
| Troll Headhunter/Berserker | 3 | |
30 total
» upgrades
| Spiked Barricades | 1 | |
| Armor | 2 | |
| Witch Doctor Training | 2 | |
| Pulverize | 1 | |
| Melee Weapons | 1 | |
7 total
» buildings
| Altar of Storms | 1 | |
| Orc Burrow | 7 | |
| Barracks | 1 | |
| War Mill | 1 | |
| Stronghold | 1 | |
| Voodoo Lounge | 1 | |
| Watch Tower | 2 | |
| Spirit Lodge | 1 | |
| Fortress | 1 | |
| Tauren Totem | 3 | |
| Great Hall | 1 | |
20 total
» build order
00:28 Altar of Storms
00:37 Orc Burrow
00:49 Barracks
01:31 Orc Burrow
02:47 War Mill
04:09 Stronghold
04:18 Orc Burrow
04:40 Voodoo Lounge
05:06 Watch Tower
05:38 Watch Tower
05:45 Orc Burrow
06:44 Spirit Lodge
07:32 Fortress
07:46 Orc Burrow
10:04 Tauren Totem
10:18 Tauren Totem
10:25 Tauren Totem
12:09 Orc Burrow
13:04 Orc Burrow
18:31 Great Hall
» items
| Orb of Lightning | 1 | |
| Scroll of Speed | 1 | |
| Scroll of Town Portal | 1 | |
| Potion of Healing | 1 | |
4 total
Chat log
(00:19 / All) Brianne-Chateau: BRIANNNNNEEE BRIANNNNNNNNEEE
(00:20 / All) Brianne-Chateau: BRI BRI BRIIIIIIIIIANNNEEEEEEEEEEEEEEEEEEEEEEEEE
(00:27 / Allies) Apocalypse(PoS): 4 hu
(00:31 / All) Brianne-Chateau: FOOOOOOOOOOOOOOOOOOOMATIONNNNNNNNNNNNNNNNNNNNNNNNN
(00:44 / All) Brianne-Chateau: BRIANNNE BRIANNE BRI BRI BRIAAAAAAAAAAAAAAAAAAANNNEEE
(01:20 / All) Brianne-Chateau: FOOOOOOOOMAAAATTION
(01:34 / All) Brianne-Chateau: BRI BRI AAAAAAAAAAAAAAAAAAAAAAAAAAN
(01:36 / All) Brianne-Chateau: FOOOOOOOOOOOMATION
(01:38 / All) Brianne-Chateau: FOOOOOOOOOOOMATION
(01:43 / All) Brianne-Chateau: BURI ANNNNNNNNNNNN
(01:48 / All) Brianne-Chateau: BURI BURI ANNNNNNNNNNNNNNNNNN
(01:54 / All) SOC(apocalpyse_: is oj doing anything
(02:00 / All) Brianne-Chateau: FOOOOOOMATION
(02:05 / All) Brianne-Chateau: BURIANNNNNNN
(02:08 / All) Brianne-Chateau: BUIR BURI
(02:09 / All) Brianne-Chateau: AAAAAAAAAAAAAAAAAAAAAAAAAAAAAN
(02:34 / All) Brianne-Chateau: FOOOOOOOOMATIONNNNNNNNNNNNNNNNN
(02:49 / All) Brianne-Chateau: BURI AN BURI BURI ANNNNNNNNNNNNNNNN
(03:09 / All) Brianne-Chateau: FOOOOOOOOOOMATION
(03:31 / All) Brianne-Chateau: RUSH NOW
(03:32 / All) Brianne-Chateau: GUYS
(03:33 / All) Brianne-Chateau: TOP
(03:48 / All) Apocalypse(PoS): I'm good ty
(04:11 / All) Brianne-Chateau: NOW
(04:12 / All) Brianne-Chateau: GUYS
(05:17 / All) (o.O): didn't notice lol
(05:34 / Allies) Apocalypse(PoS): retard orange
(05:39 / All) Brianne-Chateau: BRIAAAAAAANEEEE
(05:43 / All) Brianne-Chateau: BRI BRI ANNNNNNNNN
(05:45 / All) Brianne-Chateau: FOOOOOMATION
(06:47 / All) Brianne-Chateau: FOOOOOMATION
(06:56 / All) Brianne-Chateau: FOOOOOMATIONNNNNNNNNNNN
(07:03 / All) Brianne-Chateau: BRI BRI AAAAAAAAAAAN
(07:16 / All) Brianne-Chateau: FOOOOOOOOOOOOMATIONNNNNNNNNNNNNNNNNNNNNNNNNNNNNNN
(07:20 / All) Brianne-Chateau: BRI BRI AAAAAAAAAAAAAAAAAN
(07:23 / All) (o.O): pink I tk you motherfucka!
(07:26 / All) (o.O): I see your ass again
(07:32 / All) (o.O): puss bag
(07:34 / All) Brianne-Chateau: AHAHAHHAHAHAHAHAHAHA
(07:47 / Allies) (o.O): lumber
(07:47 / All) Brianne-Chateau: FOOOOOOOOOOOMATIOOOOOOOOON
(07:53 / All) Brianne-Chateau: BRIANNEEEEEE BRIANNNNNEE
(07:56 / All) Brianne-Chateau: BRIANNNNNNNNNEEE
(08:01 / All) Brianne-Chateau: BRI BRI BRIIIIIIIIIIIANNNEE
(08:19 / All) Brianne-Chateau: YOU ARE LUCKY BLUE IF ITS WAS 1V1 I KILL YOU
(08:20 / All) Brianne-Chateau: BAE
(08:24 / Allies) (o.O): LOL
(08:35 / All) Brianne-Chateau: YOU ARE LUCKY OF THE RETARDS THAT HELP YOU
(08:37 / All) Brianne-Chateau: HAHAHAHAH
(08:38 / Allies) (o.O): you had the shittiest fucking militia tk I've ever seen
(08:43 / All) Brianne-Chateau: YES
(08:44 / All) Brianne-Chateau: SURE
(08:50 / Allies) Apocalypse(PoS): ty red
(09:33 / All) Brianne-Chateau: LOLLLLLLL
(09:38 / All) Brianne-Chateau: BYEEEEEEEEEEEEEEEEEE
(09:39 / All) Brianne-Chateau: ASSSSSSSSHOLE
(10:07 / All) Brianne-Chateau: DIEEEEEEEEEEEEEEE
(10:09 / All) Brianne-Chateau: ASSHOLEEEEEEE
(10:47 / Allies) Apocalypse(PoS): brt
(11:03 / All) Brianne-Chateau: IEEEEEE
(11:08 / All) Brianne-Chateau: DIEEEEEEEEEEEEEEEEEEEEE
(11:22 / All) Brianne-Chateau: JIJIJIJIJIJIJ
(11:28 / All) Brianne-Chateau: BRIIIIIIIIANNNNNNNNNNNNEEE
(11:30 / Allies) (o.O): we need a shop wehn you can red
(11:32 / Allies) (o.O): if you survive
(11:43 / All) Brianne-Chateau: BRI BRI AAAAAAAAAAAAAAAAAAN
(11:46 / All) Brianne-Chateau: BRIAAAAAAAAAAAAAAAAANNEEE
(11:50 / All) Brianne-Chateau: FOMMMMMMMMMMAATIONNNNNNNNNNNNNNNNNN
(11:54 / All) Brianne-Chateau: HAHAHAHAHAH
(11:56 / All) Brianne-Chateau: REEEEEEEEEDD
(11:57 / All) Brianne-Chateau: ASSHOLES
(12:04 / All) Brianne-Chateau: ASSSSSSSSSSHOLE
(12:06 / All) Brianne-Chateau: JAJAJAJAJ
(12:34 / All) Hunter.: gg
(12:37 / All) Hunter.: clan emf after game stupid tk fags
(12:38 / All) Brianne-Chateau: FOOOOOOMATION
(12:49 / All) Brianne-Chateau: BRI BRI AAAAAAAAAN
(13:02 / All) Brianne-Chateau: BRI BRI ANNNNNNNNNNNNNNNNNNN
(13:06 / All) Apocalypse(PoS): give me some gold
(13:11 / All) Brianne-Chateau: FOOOOOOOMATION
(13:12 / Allies) Apocalypse(PoS): share some gold
(13:24 / Allies) Apocalypse(PoS): YO
(13:26 / Allies) Apocalypse(PoS): share some gold
(13:33 / Allies) Apocalypse(PoS): ty
(13:39 / All) Brianne-Chateau: FOOOOOOOMATIONNNNNNNNNNNNNNNNNNN
(15:04 / All) Brianne-Chateau: FOOOOOMATION
(15:10 / All) Brianne-Chateau: BURIIIIIIAANNNN
(15:14 / All) Brianne-Chateau: BURI BURI AAAAAAAN
(15:55 / Allies) Apocalypse(PoS): can't do anything to take that
(16:14 / All) Brianne-Chateau: FOOOOOOOMATIONNNNNNNNNNNNNN
(16:17 / All) Brianne-Chateau: BRIIIIIIIIANEEEEEEEEEEEEEEE
(16:21 / All) Brianne-Chateau: BRI BRI ANNNNNNNNNNNNNN
(17:20 / All) Brianne-Chateau: FOOOOOOOMATIONNNNNNNNNNNNNNNN
(17:26 / All) Brianne-Chateau: BRIAAAAAAAAANEEE
(17:27 / Allies) Apocalypse(PoS): sappers
(17:29 / Allies) (o.O): yeah I see it
(17:30 / All) Brianne-Chateau: BRIIIIIIANNNNNNEE
(17:37 / All) Brianne-Chateau: BRI BRI BRIIIIAANEEEEEEEEE
(18:47 / All) Brianne-Chateau: FOOOOOMATIONNNNNNNNN
(18:51 / All) Brianne-Chateau: BRIAAAAAANNEEEEEEEE
(18:56 / All) Brianne-Chateau: BRI BRI ANNNNNN
(20:02 / All) Brianne-Chateau: LOL BLUE IS MAKING MASS MORTS
(20:08 / All) Brianne-Chateau: AND GREEN SOCCERS
(20:13 / All) Brianne-Chateau: LOL
(20:18 / All) Apocalypse(PoS): what the fuck is a soccer
(20:21 / All) Apocalypse(PoS): I don't have any of those
(20:30 / All) SOC(apocalpyse_: seriously my team is dumb lalw
(20:38 / All) Hunter.: wtf yellow what is ur fucking deal
(21:08 / All) Hunter.: cant do shit with tk going on
(21:09 / All) Hunter.: so gay
(21:14 / All) (o.O): lol!
(21:16 / All) (o.O): fuck you faggot
(21:17 / All) SOC(apocalpyse_: pink didnt know u cant web allies air
(21:19 / All) (o.O): what do you think orange is
(21:23 / All) Apocalypse(PoS): we had a tker too idiot
(21:23 / All) Brianne-Chateau: BYEEEEEEEEEEEEEEEEE
(21:25 / All) Brianne-Chateau: ASSSSSSSSSSSSHOLE
(21:31 / All) Brianne-Chateau: LOLLLLLLLLLLLLLLLLLL
(21:32 / All) Brianne-Chateau: HAHAHAHAHAH
(21:33 / All) Apocalypse(PoS): so don't whine and blame it on that
(21:35 / All) Apocalypse(PoS): Oh
(21:37 / All) Apocalypse(PoS): I played with orange before
(21:42 / All) Hunter.: ur kidding right
(21:43 / All) Apocalypse(PoS): remember me talking about that game where I got militia tped
(21:44 / All) Hunter.: we so won w/o that
(21:51 / All) Brianne-Chateau: BYEEEEEEEEEEEEEEEEEEEEEEE
(21:53 / All) Apocalypse(PoS): and the whole enemy team hit me
(22:11 / All) Apocalypse(PoS): only one of my allies tped to help vs him tking and enemy team hitting lol
(22:14 / All) Brianne-Chateau: FOOOOMATIONNNNNNNNNNNNNNNNNNNNN
(22:15 / All) Apocalypse(PoS): the orc was jacking off creeping
(22:20 / All) Apocalypse(PoS): It was this same retard
(22:20 / All) Brianne-Chateau: FOOOOOOOOOOOOMAAAAAAATION
(22:23 / All) Apocalypse(PoS): this is all he does on dif accounts
(22:35 / All) (o.O): GOT watching fag bag that likes brienne
(22:38 / All) Brianne-Chateau: BYEEEEEEEEEEEEEEEEEEE
(22:40 / All) Brianne-Chateau: HAHAHAHAHAH
(22:42 / All) Apocalypse(PoS): orange is a retard
(22:47 / All) Brianne-Chateau: BYEEEEEEEEEEEEEEEEE
(22:47 / All) SOC(apocalpyse_: im pro teal u aint
(22:59 / All) Brianne-Chateau: FOOOOOOOMATION
(23:00 / All) Hunter.: sigh mother fuck yellow
(23:03 / All) Hunter.: so stupid
(23:08 / All) Hunter.: why even play if ur gonna play like this
(23:10 / All) Hunter.: why even play
(23:11 / All) Apocalypse(PoS): quit your whining our tker is worse
(23:15 / All) Apocalypse(PoS): stupid bitch
(23:15 / All) SOC(apocalpyse_: cuz my friends are on other side
(23:19 / All) Hunter.: no he isnt lol
(23:19 / All) SOC(apocalpyse_: this gam esucked tho
(23:25 / All) Hunter.: he isnt even attacking u he's just sitting there
(23:26 / All) Brianne-Chateau: FOOOOOOOOOOMATIONNNNNNNNNNNNNNNNN
(23:30 / All) Brianne-Chateau: BRIAANNNEEEEEEEEEEEE
(23:30 / All) (o.O): FORMATION!
(23:32 / All) Apocalypse(PoS): no tp staff on this shit map either
(23:32 / All) Hunter.: fuck u yellow u little bitch
(23:37 / All) Brianne-Chateau: BRI BRI BRIAAAAAAAAAAAAAAAAAAAAANN
(23:42 / All) (o.O): I think this is crymore
(24:12 / All) Brianne-Chateau: FOOOOOOMATION
(24:15 / All) (o.O): I didn't think he was gonna militia tk he didn't have the build for it
(24:24 / All) Apocalypse(PoS): same in the other game I played
(24:28 / All) Apocalypse(PoS): he waits a bit before militia tping
(24:36 / All) Apocalypse(PoS): you can't tell if he's a retard or not at first
(24:44 / All) Apocalypse(PoS): or if he's just a retard or tker rather
(24:54 / All) NoName: why dont you fkers just AT then, instead of this pussy shit
(25:05 / Allies) Apocalypse(PoS): shit
(25:07 / All) (o.O): lawl
(25:09 / Allies) Apocalypse(PoS): go other way
(25:15 / All) (o.O): you let him off da hook
(25:40 / All) Brianne-Chateau: fooooooomationnnnnnnnnnnn
(25:40 / All) Apocalypse(PoS): thank god
(25:41 / All) (o.O): FORMATION
(25:43 / All) Brianne-Chateau: HHAHAHAHAHAHAH
(25:46 / All) Brianne-Chateau: FOOOOOOOOOOOOMATIONNNNNNNNNNNNNN
(25:50 / All) Brianne-Chateau: BRIANEEEEEEEE BRIANEEEEEEEEEEE
(25:51 / All) Apocalypse(PoS): that was a formation to rape your hero
(25:56 / All) Brianne-Chateau: BRI BRI BIRIAAAAAAAAAAAAAAAAN
(26:03 / Allies) Apocalypse(PoS): share lumber
(26:11 / Allies) Apocalypse(PoS): ty
(26:14 / All) Brianne-Chateau: LOL YU ARE SO ANGRY THAT 2 OF YOU HAVE TO KILL ME
(26:15 / All) Brianne-Chateau: LOL
(26:21 / All) Brianne-Chateau: YOU ARE SO IDIOTS
(26:22 / All) Brianne-Chateau: HAHAHAHA
(26:24 / All) (o.O): ya lost amateur
(26:26 / All) (o.O): we win
(26:27 / All) Brianne-Chateau: BLUE WITH HIS MORTS
(26:32 / All) Brianne-Chateau: AND GREEN WITH Sauces
(26:33 / All) Brianne-Chateau: lOL
(26:36 / All) Brianne-Chateau: LOLLLLLLLLLLLLL
(26:38 / All) Apocalypse(PoS): what the fuck is a sauce
(26:42 / All) Apocalypse(PoS): I have rifles and priests
(26:45 / All) Brianne-Chateau: FUCKING NOOBS
(26:47 / All) Brianne-Chateau: HAHAHAHAHAH
(26:51 / All) Brianne-Chateau: I LIKE TK PEOPLE
(26:54 / All) (o.O): we win noob
(26:55 / All) Brianne-Chateau: IN THIS GAMEEEEEEEEEEEEEEE
(26:56 / All) Apocalypse(PoS): you're noob trash, you fail tked
(27:00 / All) Brianne-Chateau: FOOOOOOOOOOOOOOOOOOOOOOOOOOOOOOOMAAAAAAAAAAAATION
(27:01 / All) Brianne-Chateau: I DONT
(27:05 / All) Apocalypse(PoS): in the other game I played with you, you fail tked too
(27:07 / All) Brianne-Chateau: I TK RED AND HE GO OUT
(27:14 / All) Apocalypse(PoS): it only killed me with the whole enemy team hitting me lol
(27:17 / All) Brianne-Chateau: IDIOT
(27:18 / All) Apocalypse(PoS): takes entire enemy team for you to tk someone
(27:20 / All) Brianne-Chateau: HAHAAHAHAHAHAHA
(27:31 / All) Brianne-Chateau: I TK RED AND HE LEAVE
(27:38 / All) Brianne-Chateau: SO YOU SAY I MAKE FAIL TK
(27:39 / All) (o.O): orange failed
(27:40 / All) Brianne-Chateau: JAHHAHA
(27:41 / All) (o.O): amateur tk
(27:42 / All) Brianne-Chateau: RAGEEEEEEEEEEEEEEEEEEEEEEEEEEEEEEEEEE
(27:46 / All) Brianne-Chateau: RAGEEEEEEEEEEEEEEEEEEEEEEEEEEEEEEEEEEEEEEE
(27:47 / All) Brianne-Chateau: RAGEEEEEEEEEEEEEEEEEEEEEEEEEEEE
(27:49 / All) (o.O): we win
(27:50 / All) Brianne-Chateau: RAGEEEEEEEEEEEEEEEEEEEEEEEEEEEEEEEEEEEEEEEEE
(27:52 / All) Brianne-Chateau: ASSHOLEEEEEEEEEEEEEEEEEE
(27:56 / All) Brianne-Chateau: NO WE DONT
(28:02 / All) (o.O): only one raging here is you bipolar freak
(28:10 / All) Brianne-Chateau: YOU ARE RAGGING
(28:11 / All) Brianne-Chateau: ASSHOLE
(28:13 / All) Brianne-Chateau: HAHAHAHA
(28:13 / All) (o.O): lol
(28:20 / All) Apocalypse(PoS): in your dreams oj
(28:21 / All) Brianne-Chateau: LOL
(28:32 / All) (o.O): GOOD JOB GREEN
(28:34 / All) (o.O): WE WON 2v4!
(28:40 / All) (o.O): WE WON 2v5!
(28:42 / All) Brianne-Chateau: THEY LET YOU WIN CUS THEY FEEL BAD FOR YOU
(28:43 / All) Brianne-Chateau: NOOBS
(28:44 / All) Apocalypse(PoS): thanks blue, won even with this fail tker
(28:50 / All) Brianne-Chateau: FUCKING IDIOTS
(28:56 / All) Brianne-Chateau: FAIL YOUR MOM
(28:58 / All) Brianne-Chateau: HHAHAHA
(28:59 / All) Brianne-Chateau: RAGE
(29:02 / All) Brianne-Chateau: ASSHOLES
(29:14 / All) Brianne-Chateau: IM SITTING HERE HOW YOU RAGE
(29:32 / All) Apocalypse(PoS): gangbang
(29:37 / All) Apocalypse(PoS): trapped in the trees
(29:41 / All) Brianne-Chateau: OF YOU?
(29:44 / All) Brianne-Chateau: LOL
(29:45 / All) Brianne-Chateau: NOOB
(29:45 / All) Apocalypse(PoS): orc peon being raped by human peasants
(30:09 / All) (o.O): FORMATION
(30:25 / All) Brianne-Chateau: NO IDIOT YOU ARE TOO STUPID FOR SAYING IT
(30:36 / All) Brianne-Chateau: YOU EVEN KNOW HOW TO SAY IT
(30:48 / All) (o.O): WE WIN
(30:51 / All) (o.O): GOOD JOB GREEN
(30:53 / All) (o.O): WE WIN 2v5!
(30:54 / All) Brianne-Chateau: I WIN?
(30:56 / All) Apocalypse(PoS): good job man
(31:07 / All) Brianne-Chateau: SAY THANKS TO THE TKER OF THE OTHER TEAM
(31:08 / All) Brianne-Chateau: NOOBS
(31:13 / All) Brianne-Chateau: YOU WERE DEAD
(31:16 / All) (o.O): HAHA HE TKED BETTER THAN YOU
(31:19 / All) (o.O): you an amateur!
(31:26 / All) Apocalypse(PoS): why would they thank you, you didn't do anything
(31:27 / All) Brianne-Chateau: AND THANKS TO HIM YOU WIN
(31:35 / All) Brianne-Chateau: YOU DIDNT MAKE A SHIT
(31:40 / Allies) Apocalypse(PoS): how'd my am die
(31:46 / All) Brianne-Chateau: YOU ARE USELESS
(31:56 / All) Apocalypse(PoS): you're useless
(32:03 / All) Brianne-Chateau: NO YOU ARE
(32:05 / All) Brianne-Chateau: ASSHOLE
(32:12 / All) Brianne-Chateau: YOU MAKE NOTHING
(32:21 / All) Apocalypse(PoS): no i don't think so
(32:46 / All) Brianne-Chateau: YELLOW YOU TK CUS OF ME?
(33:43 / Allies) Apocalypse(PoS): killin your shit for standoff
(34:20 / All) Brianne-Chateau: IM GOING TO MASTURBATE AND WHEN I CAME BACK I WANT YOU TO GO OUT PICES OF SHIT
(34:30 / All) Brianne-Chateau: IF YOU DONT I WILL CUM YOUR FACES
(34:35 / All) Brianne-Chateau: SEE YA
(34:46 / All) Brianne-Chateau: BRIANNNNNEEE BRI BRI BRI BRIAAAAAAANEEEEEEEEEEEEEEEEEEEEEEEEE
(34:52 / All) Brianne-Chateau: FOOOOOOOOOOOOOMATIONNNNNNNNNNNNNNNNNNNNNNNNNNNN
(36:24 / Allies) Apocalypse(PoS): kill your shit